 Dungeon Crawl Stone Soup version 0.26-a0-707-g31817bcca1 (console) character file.

Game seed: 530184074210944160

56 Morrissey the Poker (level 3, -3/28 HPs)
             Began as a Merfolk Gladiator on Oct 26, 2020.
             Slain by a centaur (5 damage)
             ... on level 3 of the Dungeon.
             The game lasted 00:02:28 (2153 turns).

Morrissey the Poker (Merfolk Gladiator)             Turns: 2153, Time: 00:02:29

Health: -3/28      AC:  4    Str: 14    XL:     3   Next: 97%
Magic:  3/3        EV: 10    Int:  7    God:
Gold:   105        SH:  0    Dex: 16    Spells: 2/2 levels left

rFire    . . .     SeeInvis .   a - +1 trident
rCold    . . .     Faith    .   (no shield)
rNeg     . . .     Spirit   .   b - +0 leather armour
rPois    +         Reflect  .   c - +0 helmet
rElec    .         Harm     .   (no cloak)
rCorr    .         Rampage  .   (no gloves)
MR       .....                  (no boots)
Stlth    +.........             (no amulet)
HPRegen  0.09/turn              h - -4 ring of evasion (curse)
MPRegen  0.08/turn              m - ring of poison resistance

@: no status effects
A: change form in water, swift swim, stealthy swim
a: no special abilities


You were on level 3 of the Dungeon.
You visited 1 branch of the dungeon, and saw 3 of its levels.

You collected 105 gold pieces.

Inventory:

Hand Weapons
 a - a +1 trident (weapon)
Missiles
 d - 3 throwing nets (quivered)
Armour
 b - a +0 leather armour (worn)
 c - a +0 helmet (worn)
Jewellery
 h - a cursed -4 ring of evasion (left hand)
 m - a ring of poison resistance (right hand)
Scrolls
 g - a scroll of teleportation
Potions
 e - a potion of might {unknown}
 i - a potion of heal wounds {unknown}
 j - a potion of invisibility {unknown}
 k - a potion of curing {unknown}


   Skills:
 + Level 2.9 Fighting
 * Level 5.8 Polearms
 - Level 2.0 Throwing
 + Level 4.6 Dodging


You had 2 spell levels left.
You didn't know any spells.
Your spell library was empty.

Dungeon Overview and Level Annotations

Branches:
Dungeon (3/15)

Altars:

Annotations:
D:2 exclusion: downstairs


Message History

The centaur wields a +0 shortbow.
The centaur shoots an arrow.
The arrow barely misses you.
The centaur shoots an arrow.
The arrow hits you.
You see here an arrow.
The centaur shoots an arrow.
The arrow closely misses you.
The centaur shoots an arrow.
The arrow hits you.
You see here an arrow.
The centaur shoots an arrow.
The arrow hits you!
* * * LOW HITPOINT WARNING * * *
The centaur unwields a +0 shortbow.
The centaur barely misses you.
You hit the centaur.
The centaur is lightly wounded.
The centaur hits you!
* * * LOW HITPOINT WARNING * * *
The centaur hits you.
* * * LOW HITPOINT WARNING * * *
You hit the centaur.
The centaur is moderately wounded.
The centaur hits you.
You die...

.# ###..#.##. .# #..# .#
##).# .# ##...## ###
.###.....# ..# ..#.#.†.##
#.# # #..#.#<.#### #.# .#
#.......<..# #c##)#
#.......##.# #@...#
#.....).##.## #..###
#......##...## #(.#
#..........?.# #(.#
....#####....###..#######
#.#.### ##......(........
#.....# ########.######
###.#.###########.#
....#.......).....#


You could see a centaur.

Vanquished Creatures
  An adder (D:2)
  A worm (D:2)
  A dart slug (D:2)
  A leopard gecko (D:1)
  2 giant cockroaches
  4 goblins
  8 hobgoblins
  8 kobolds
  A quokka (D:2)
  2 ball pythons (D:1)
  3 bats
  3 frilled lizards
  5 rats
40 creatures vanquished.

Notes
Turn   | Place    | Note
-------+----------+-------------------------------------------
     0 | D:1      | Morrissey the Merfolk Gladiator began the quest for the
                  | Orb.
     0 | D:1      | Reached XP level 1. HP: 16/16 MP: 1/1
   328 | D:1      | Reached XP level 2. HP: 23/23 MP: 2/2
   438 | D:1      | Reached skill level 5 in Polearms
  1043 | D:2      | Reached XP level 3. HP: 23/28 MP: 3/3
  2028 | D:3      | Noticed a killer bee
  2029 | D:3      | Noticed a killer bee
  2029 | D:3      | Noticed a killer bee
  2030 | D:3      | Noticed a killer bee
  2031 | D:3      | Noticed a killer bee
  2130 | D:3      | Noticed a centaur
  2153 | D:3      | Slain by a centaur

Illustrated notes

Levels and vault maps discovered:
D:1:      lemuel_arrival_river_ford, layout_loops_corners
D:2:      layout_basic
D:3:      layout_loops_ring, chequers_ecumenical_altar_grove

Skill      XL: |  1  2 |
---------------+-------+-----
Polearms       | 5 |  5.8
Fighting       | |  2.9
Throwing       | |  2.0
Dodging        | |  4.6

Action                   || total
-------------------------++-------
Melee: Trident           ||   111
  Use: Scroll            ||     3
 Stab: Sleeping          ||     1
Armor: Leather armour    ||    25
Dodge: Dodged            ||    52

Table legend: (Time is in decaauts)
 A = Elapsed time spent in this place.
 B = Non-inter-level travel time spent in this place.
 C = Inter-level travel time spent in this place.
 D = Time resting spent in this place.
 E = Time spent auto-exploring this place.
 F = Levels seen in this place.
 G = Mean time per level.
                   A        B        C        D        E       F      G
               +--------+--------+--------+--------+--------+-----+--------+
         Total |   2149 |   1995 |    154 |    174 |   1552 |   3 |  716.3 |
       Dungeon |   2149 |   1995 |    154 |    174 |   1552 |   3 |  716.3 |
               +--------+--------+--------+--------+--------+-----+--------+

Top non-repeatable levels by time:
     D:2: 1063 daAuts
     D:1: 1010 daAuts
     D:3: 76 daAuts
